 Dungeon Crawl Stone Soup version 0.21-a0-314-gb3271ec (webtiles) character file.

283 kae the Charmwright (level 6, 0/51 HPs)
             Began as a Gnoll Skald on Sept 29, 2017.
             Succumbed to an orc's poison
             ... on level 3 of the Dungeon.
             The game lasted 00:04:13 (3931 turns).

kae the Charmwright (Gnoll Skald)                   Turns: 3931, Time: 00:04:13

Health: 0/51       AC:  3    Str: 14 (15) XL:     6   Next: 28%
Magic:  12/13      EV: 14    Int: 15 (16) God:
Gold:   163        SH:  0    Dex: 12 (14) Spells: 10/15 levels left

rFire    . . .     SeeInvis .   a - +0 falchion
rCold    . . .     Gourm    .   (no shield)
rNeg     . . .     Faith    .   b - +0 leather armour
rPois    .         Spirit   .   (no helmet)
rElec    .         Reflect  .   (no cloak)
rCorr    .         Harm     .   (no gloves)
MR       .....                  (no boots)
Stlth    ++........             (no amulet)
HPRegen  0.17/turn              (no ring)
MPRegen  0.13/turn              (no ring)

@: lethally poisoned (0 -> -6), infused, hasted, very quick
A: distributed training, fangs 1, strong nose
a: no special abilities


You were on level 3 of the Dungeon.
You were not hungry.

You visited 1 branch of the dungeon, and saw 4 of its levels.

You collected 163 gold pieces.

Inventory:

Hand Weapons
 a - a +0 falchion (weapon)
Armour
 b - a +0 leather armour (worn)
Jewellery
 p - an uncursed ring of stealth {unknown}
Scrolls
 g - 2 scrolls of remove curse
 h - 2 scrolls of recharging
 j - a scroll of fog
 k - 4 scrolls of identify
 m - 2 scrolls of teleportation
Potions
 e - 2 potions of degeneration
 i - a potion of haste
 n - a potion of agility
Books
 c - a book of Battle

   Spells                             Type                      Level
   a - Infusion                       Charms                       1
   b - Shroud of Golubria             Charms/Translocation         2
   c - Song of Slaying                Charms                       2
   d - Spectral Weapon                Hexes/Charms                 3
   e - Regeneration                   Charms/Necromancy            3
Comestibles
 d - a bread ration
 f - 3 meat rations
 l - a chunk of flesh
 o - a royal jelly


   Skills:
 + Level 5.1 Fighting
 + Level 1.7 Short Blades
 + Level 4.4 Long Blades
 + Level 2.6 Axes
 + Level 2.0 Maces & Flails
 + Level 1.3 Polearms
 + Level 1.7 Staves
 + Level 1.7 Slings
 + Level 0.0 Bows
 + Level 2.8 Crossbows
 + Level 1.7 Throwing
 + Level 3.3 Armour
 + Level 5.0 Dodging
 + Level 2.8 Stealth
   Level 0.0 Stabbing
 + Level 1.3 Shields
   Level 0.0 Traps
 + Level 2.0 Unarmed Combat
 + Level 5.0 Spellcasting
 + Level 2.3 Conjurations
 + Level 1.7 Hexes
 + Level 6.8 Charms
 + Level 1.7 Summonings
 + Level 1.3 Necromancy
 + Level 1.3 Translocations
 + Level 2.0 Transmutations
 + Level 1.7 Fire Magic
 + Level 2.0 Ice Magic
 + Level 2.0 Air Magic
 + Level 0.8 Earth Magic
 + Level 2.0 Poison Magic
 + Level 1.3 Invocations
 + Level 0.8 Evocations


You had 10 spell levels left.
You knew the following spells:

 Your Spells              Type           Power        Failure   Level  Hunger
a - Infusion              Chrm           ###.         1%          1    None
b - Song of Slaying       Chrm           ###.....     1%          2    ##.....
c - Shroud of Golubria    Chrm/Tloc      ###.......   5%          2    ##.....


Dungeon Overview and Level Annotations

Branches:
Dungeon (4/15)
 Temple: D:4-7

Altars:

Annotations:
D:3 vatarom's ghost, amateur GnHu
D:4 kae's ghost, amateur GnSk


Innate Abilities, Weirdness & Mutations

Your experience applies equally to all skills.
You have very sharp teeth.
Your uncanny sense of smell can sniff out nearby items.


Message History

The orc priest is severely wounded.
You feel sick.
The orc hits you with a hand axe of venom.
The orc priest closely misses you.
You feel yourself speed up.
You feel sick. The orc closely misses you.
You feel sick.
The orc priest calls down the wrath of Beogh upon you.
Pain shoots through your body!
* * * LOW HITPOINT WARNING * * *
The orc barely misses you.
* * * LOW HITPOINT WARNING * * *
You feel sick.
* * * LOW HITPOINT WARNING * * *
You feel sick.
Okay, then.
Okay, then.
* * * LOW HITPOINT WARNING * * *
You feel sick.
You see here 12 gold pieces.
You die...

###### #....#
########### #.##.#
####.o.......# #.##.#
#......o.###
#.##.###.##o###.###
#...........# #.)......
#..#.###.##.##..###.###
#..#.# #.##$#...###.
#....# #....@.......
##.### ######...#### ##
##.## ##.## .## #...#
#.# ..# #...# .# ..#
#...# #'## ..# #.###
##...## ..# #.#####
##.....## ..# #.#...#
##.......##


You could see an orc.

Vanquished Creatures
  2 orc priests (D:3)
  Natasha (D:2)
  7 adders
  4 worms
  4 dart slugs (D:1)
  4 leopard geckos
  6 orcs (D:3)
  5 giant cockroaches
  11 goblins
  12 hobgoblins
  9 jackals
  3 quokkas
  A ball python (D:4)
  6 bats
  5 frilled lizards
  16 kobolds
  9 rats
105 creatures vanquished.

Notes
Turn   | Place    | Note
-------+----------+-------------------------------------------
     0 | D:1      | kae the Gnoll Skald began the quest for the Orb.
     0 | D:1      | Reached XP level 1. HP: 20/20 MP: 6/6
    40 | D:1      | Reached skill level 1 in Throwing
   156 | D:1      | Reached skill level 1 in Poison Magic
   160 | D:1      | Reached XP level 2. HP: 26/26 MP: 3/7
   161 | D:1      | Reached skill level 1 in Crossbows
   314 | D:1      | Reached skill level 1 in Shields
   369 | D:1      | Reached skill level 1 in Stealth
   375 | D:1      | Reached XP level 3. HP: 16/31 MP: 0/9
   526 | D:1      | Reached skill level 1 in Polearms
   552 | D:1      | Reached skill level 1 in Ice Magic
   555 | D:1      | Reached skill level 1 in Axes
   684 | D:1      | Reached skill level 1 in Maces & Flails
   766 | D:1      | Reached skill level 1 in Fire Magic
   908 | D:2      | Noticed Natasha
   915 | D:2      | Killed Natasha
   915 | D:2      | Reached skill level 1 in Short Blades
   915 | D:2      | Reached skill level 1 in Unarmed Combat
   915 | D:2      | Reached skill level 1 in Air Magic
   915 | D:2      | Reached XP level 4. HP: 16/38 MP: 7/10
  1195 | D:2      | Reached skill level 1 in Invocations
  1302 | D:2      | Reached skill level 1 in Conjurations
  1441 | D:2      | Reached skill level 5 in Dodging
  1503 | D:2      | Reached skill level 5 in Spellcasting
  1503 | D:2      | Reached XP level 5. HP: 31/43 MP: 10/12
  2038 | D:3      | Reached skill level 1 in Transmutations
  2152 | D:3      | Reached skill level 1 in Slings
  2393 | D:3      | Reached skill level 1 in Translocations
  2399 | D:3      | Reached skill level 1 in Staves
  2399 | D:3      | Reached skill level 1 in Summonings
  2399 | D:3      | Reached skill level 1 in Necromancy
  2404 | D:3      | Reached skill level 5 in Fighting
  2407 | D:3      | Reached XP level 6. HP: 10/51 MP: 4/13
  2911 | D:3      | Found a faded altar of an unknown god.
  3298 | D:3      | Reached skill level 1 in Hexes
  3411 | D:3      | Noticed vatarom's ghost (amateur GnHu)
  3740 | D:4      | Learned a level 2 spell: Song of Slaying
  3743 | D:4      | Learned a level 2 spell: Shroud of Golubria
  3788 | D:4      | Noticed kae's ghost (amateur GnSk)
  3925 | D:3      | HP: 2/51 [poisoned by an orc]
  3931 | D:3      | Succumbed to an orc's poison

Vault maps used:
D:1:      saegor_arrival_simple_e, minmay_cut_off
D:2:      uniq_natasha
D:3:      minmay_diamond_boxcup, chequers_ecumenical_altar_grove,
          minmay_quantized
D:4:      first_bread, kennysheep_generic_room_10

Skill      XL: |  1  2  3  4  5  6 |
---------------+-------------------+-----
Throwing       | 1 |  1.7
Poison Magic   | 1 2 |  2.0
Crossbows      | 1 2 |  2.8
Shields        | 1 |  1.3
Stealth        | 1 2 |  2.8
Polearms       | 1 |  1.3
Ice Magic      | 1 2 |  2.0
Axes           | 1 2 |  2.6
Maces & Flails | 1 2 |  2.0
Fire Magic     | 1 |  1.7
Short Blades   | 1 |  1.7
Unarmed Combat | 1 2 |  2.0
Air Magic      | 1 2 |  2.0
Invocations    | 1 |  1.3
Conjurations   | 1 2 |  2.3
Dodging        | 5 |  5.0
Armour         | 3 |  3.3
Spellcasting   | 5 |  5.0
Transmutations | 2 |  2.0
Slings         | 1 |  1.7
Translocations | 1 |  1.3
Staves         | 1 |  1.7
Summonings     | 1 |  1.7
Necromancy     | 1 |  1.3
Fighting       | 5 |  5.1
Hexes          | 1 |  1.7
Long Blades    | |  4.4
Charms         | |  6.8
Earth Magic    | |  0.8
Evocations     | |  0.8

Action                   |  1- 3 |  4- 6 || total
-------------------------+-------+-------++-------
Melee: Falchion          |    90 |   233 ||   323
       Bite              |    11 |    26 ||    37
       Punch             |       |     1 ||     1
 Cast: Infusion          |     5 |     3 ||     8
  Use: Scroll            |     4 |     2 ||     6
       Potion            |       |     5 ||     5
 Stab: Sleeping          |     2 |    10 ||    12
  Eat: Chunk             |       |    10 ||    10
Armor: Leather armour    |    23 |    39 ||    62
Dodge: Dodged            |    82 |   173 ||   255
       Rpst.: Falchion   |    17 |    53 ||    70

Table legend:
 A = Spawn XP
 B = Non-spawn XP
 C = Spawn XP percentage of total XP
 D = Spawn monster count
 E = Non-spawn monster count
 F = Spawn count percentage of total count
 G = Total turns spent on level
                    A         B        C        D         E        F      G
               +---------+---------+-------+---------+---------+-------+---------
         Total |       0 |     405 |   0.0 |       0 |     105 |   0.0 |  3931
               +---------+---------+-------+---------+---------+-------+---------
           D:1 |       0 |      70 |   0.0 |       0 |      35 |   0.0 |   894
           D:2 |       0 |     112 |   0.0 |       0 |      25 |   0.0 |  1119
           D:3 |       0 |     209 |   0.0 |       0 |      43 |   0.0 |  1519
           D:4 |       0 |      14 |   0.0 |       0 |       2 |   0.0 |   399
               +---------+---------+-------+---------+---------+-------+---------
